 Dungeon Crawl Stone Soup version bcrawl-1.21.2-1-g32d02e0829 (webtiles) character file.

Game seed: 15193674432872471043

996 Freyura the Agent of Entropy (level 7, 0/55 HPs)
             Began as a Demonspawn Abyssal Knight on Feb 18, 2020.
             Was a Priest of Lugonu.
             Succumbed to Edmund's poison
             ... on level 4 of the Dungeon.
             The game lasted 00:10:36 (4793 turns).

Freyura the Agent of Entropy (DsAK)                 Turns: 4793, Time: 00:10:36

Health: 0/55       AC: 11    Str: 18    XL:     7   Next: 99%
Magic:  10/10      EV: 27    Int: 13    God:    Lugonu [***...]
Gold:   177        SH:  0    Dex: 14    Spells: 6/6 levels left

rFire    . . .     SeeInvis .   a - +1 mace
rCold    . . .     Gourm    .   (no shield)
rNeg     . . .     Faith    .   s - +0 ring mail
rPois    .         Spirit   .   (helmet restricted)
rElec    .         Reflect  .   (no cloak)
rCorr    +         Harm     .   (no gloves)
MR       .....                  (no boots)
Stlth    +.........             k - amulet of the acrobat
HPRegen  0.18/turn              h - ring of resist corrosion
MPRegen  0.12/turn              l - ring of wizardry

@: mighty, lethally poisoned (0 -> -19), swift, sanguine armour, flying, very
slightly contaminated, hasted, invisible, very quick
A: horns 1, powered by pain 1, spiny 1, sanguine armour 1
a: Depart the Abyss, Bend Space, Banish, Renounce Religion


You were on level 4 of the Dungeon.
You worshipped Lugonu.
Lugonu was most pleased with you.
You were hungry.

You visited 1 branch of the dungeon, and saw 4 of its levels.
You visited the Abyss 1 time.

You collected 177 gold pieces.

Inventory:

Hand Weapons
 a - a +1 mace (weapon)
Missiles
 c - 10 tomahawks of dispersal (quivered)
 d - 1145 stones
Armour
 b - a +1 leather armour
 s - a +0 ring mail (worn)
Jewellery
 h - a ring of resist corrosion (left hand)
 k - an amulet of the acrobat (around neck)
 l - a ring of wizardry (right hand)
Wands
 m - a wand of acid (8)
 t - a wand of random effects (5)
 u - a wand of iceblast (13)
Scrolls
 f - 3 scrolls of remove curse
 g - 2 scrolls of identify
Potions
 i - a potion of magic
Comestibles
 e - 11 rations {!d}


   Skills:
 + Level 4.6 Fighting
 * Level 5.1 Maces & Flails
 - Level 0.8 Throwing
 + Level 3.6 Armour
 + Level 3.2 Dodging
 + Level 5.3 Invocations
 + Level 1.8 Evocations


You had 6 spell levels left.
You didn't know any spells.
Your spell library was empty.

Dungeon Overview and Level Annotations

Branches:
Dungeon (4/12)             Temple (0/1) D:4

Altars:
Hepliaklqana
Nemelex Xobeh
Zin


Innate Abilities, Weirdness & Mutations

You have a pair of small horns on your head.
You sometimes gain a little power by taking damage.
You are partially covered in sharp spines.
When seriously injured, your bleeding wounds create armour. (AC +6)


Message History

It was a potion of flight.
You feel very buoyant.
You fly up into the air.
* * * LOW HITPOINT WARNING * * *
You feel sick.
You feel yourself speed up.
* * * LOW HITPOINT WARNING * * *
You feel very sick.
There is a lethal amount of poison in your body!
Okay, then.
Put on which piece of jewellery? (? for menu, Esc to quit)
l - a ring of wizardry (right hand)
Okay, then.
* * * LOW HITPOINT WARNING * * *
You feel sick.
* * * LOW HITPOINT WARNING * * *
You feel sick.
* * * LOW HITPOINT WARNING * * *
You feel sick.
You die...

*,* #.####.#.## *,*
#.##.##.#.# *,*
#.....##.#. *,*
####...##.# *,*
#...###, *,* #.....#*
####*#### #..#####
#..###..####..####.
####@##.##.#.........
#_#.##.##.#..#######.
*#.##.##.##### #.
##..###..# #. ####
#### #. #. #. #. #.


There were no monsters in sight!

Vanquished Creatures
  Grinder (D:3)
  Edmund (D:4)
  An ogre (D:4)
  A centaur (D:3)
  A big kobold (D:4)
  3 crimson imps (D:4)
  A jelly (D:4)
  A hound (D:4)
  2 orc priests (D:3)
  2 bullfrog skeletons (D:4)
  An iguana (D:4)
  A worker ant (D:4)
  3 adders
  2 oozes (D:2)
  4 worms
  3 dart slugs
  8 leopard geckos
  4 orcs
  A ball python (D:1)
  5 giant cockroaches
  4 goblins
  8 hobgoblins
  2 jackals (D:4)
  7 kobolds
  4 quokkas
  7 bats
  5 frilled lizards
  10 rats
93 creatures vanquished.

Notes
Turn   | Place    | Note
-------+----------+-------------------------------------------
     0 | Abyss:1  | Freyura the Demonspawn Abyssal Knight began the quest for
                  | the Orb.
     0 | Abyss:1  | Reached XP level 1. HP: 18/18 MP: 2/2
     1 | Abyss:1  | Found a corrupted altar of Lugonu.
    19 | Abyss:1  | Found an ornate altar of the Wu Jian Council.
    65 | D:1      | Escaped the Abyss
    83 | D:1      | Reached skill level 1 in Dodging
   440 | D:1      | Gained mutation: When seriously injured, your bleeding
                  | wounds create armour. (AC +6) [demonic ancestry]
   440 | D:1      | Reached XP level 2. HP: 17/24 MP: 4/4
   867 | D:1      | Reached ** piety under Lugonu
  1015 | D:1      | Gained mutation: You sometimes gain a little power by
                  | taking damage. [demonic ancestry]
  1015 | D:1      | Reached XP level 3. HP: 29/29 MP: 5/5
  1977 | D:2      | Reached XP level 4. HP: 24/35 MP: 6/6
  2740 | D:3      | Gained mutation: You are partially covered in sharp spines.
                  | [demonic ancestry]
  2740 | D:3      | Reached XP level 5. HP: 25/41 MP: 7/7
  2884 | D:3      | Noticed Grinder
  2902 | D:3      | Killed Grinder
  2902 | D:3      | Gained mutation: You have a pair of small horns on your
                  | head. [demonic ancestry]
  2902 | D:3      | Reached XP level 6. HP: 32/48 MP: 7/9
  3101 | D:3      | Found a hazy altar of Hepliaklqana.
  3590 | D:3      | Reached *** piety under Lugonu
  4071 | D:4      | Reached XP level 7. HP: 54/54 MP: 10/10
  4313 | D:4      | Reached skill level 1 in Evocations
  4348 | D:4      | Found a staircase to the Ecumenical Temple.
  4437 | D:4      | Found a glowing silver altar of Zin.
  4592 | D:4      | Reached skill level 5 in Invocations
  4771 | D:4      | Found a sparkling altar of Nemelex Xobeh.
  4775 | D:4      | Noticed Edmund
  4783 | D:4      | Killed Edmund
  4783 | D:4      | Reached skill level 5 in Maces & Flails
  4791 | D:4      | HP: 2/55 [poisoned by Edmund]
  4793 | D:4      | Succumbed to Edmund's poison

Skill      XL: |  1  2  3  4  5  6  7 |
---------------+----------------------+-----
Dodging        | 1 2 3 |  3.2
Maces & Flails | 2 3 4 5 |  5.1
Invocations    | 3 4 5 |  5.3
Armour         | 2 3 |  3.6
Fighting       | 4 |  4.6
Evocations     | 1 |  1.8
Throwing       | |  0.8

Action                   |  1- 3 |  4- 6 |  7- 9 || total
-------------------------+-------+-------+-------++-------
Melee: Mace              |   146 |    86 |    59 ||   291
       Headbutt          |       |     3 |     7 ||    10
  Use: Scroll            |     3 |     8 |       ||    11
       Potion            |       |     1 |     5 ||     6
 Stab: Sleeping          |       |     1 |       ||     1
  Eat: Chunk             |     4 |     5 |     3 ||    12
Armor: Leather armour    |    50 |    24 |       ||    74
       Ring mail         |       |       |     5 ||     5
Dodge: Dodged            |   109 |    74 |    35 ||   218
